[Event "Indian Blitz Championship 2023"]
[Site "Nashik"]
[Date "2024.03.07"]
[Round "9.9"]
[White "Vignesh B"]
[Black "Aradhya, Garg"]
[Result "0-1"]
[ECO "C78"]
[WhiteElo "2209"]
[BlackElo "2385"]
[Annotator "TA"]
[PlyCount "112"]
[EventDate "2024.03.07"]
[EventType "blitz"]
[EventCountry "IND"]
[SourceTitle "playchess.com"]
[Source "ChessBase"]
[SourceQuality "1"]
[TimeControl "180+2"]

1. e4 e5 2. Nf3 Nc6 3. Bb5 a6 4. Ba4 Nf6 5. d3 Bc5 6. O-O b5 7. Bb3 d6 8. c3 O-O 9. h3 Ne7 {[%emt 0:00:02] C78: Ruy Lopez: Archangelsk and Möller Defences.} 10. d4 Bb6 11. Re1 Ng6 12. Nbd2 Bb7 13. d5 (13. a4 $11) 13... c6 $17 14. dxc6 Bxc6 15. Bc2 a5 $146 ({Predecessor:} 15... d5 16. exd5 Qxd5 17. Bxg6 hxg6 18. Rxe5 Qd6 19. Re1 Rfe8 20. Nf1 Qxd1 21. Rxd1 Bxf3 22. gxf3 {½-½ Marakovits,N (1777)-Fanninger,L (1977) AUT-ch U16 Sankt Veit an der Glan 2019 (6)}) 16. Nf1 b4 17. Ng3 bxc3 18. bxc3 Bc5 19. Be3 Rb8 (19... Bxe3 $15 20. Rxe3 Qc7) 20. Qc1 (20. Bxc5 $11 dxc5 21. Rb1) 20... Bxe3 $15 21. Qxe3 Qb6 (21... Qc7 $15) 22. Qd2 (22. Qxb6 $11 Rxb6 23. Red1) 22... Qc5 23. Rab1 Bd7 24. Red1 Rxb1 25. Bxb1 Be6 26. Qxd6 Qxc3 27. Nf5 Qb4 28. Qa6 $2 (28. Nxe5 $2 Qxd6 (28... Nxe4 $2 29. Nxg6 hxg6 30. Qxb4 $18) 29. Rxd6 Rb8 $19 (29... Nxe5 $2 30. Ne7+ Kh8 31. f4 $19)) ({White should play} 28. Qxb4 $11 axb4 29. Rd6) 28... Nxe4 $17 29. Bxe4 Qxe4 30. Ne3 Qa4 (30... Bxa2 31. Qxa5 Qa8 32. Qe1 $17) 31. Rd2 (31. Qd6 $17) 31... Bxa2 $19 32. Qd6 Be6 (32... Bb3 $19 33. h4 Rc8 (33... Nxh4 34. Nxh4 Qxh4 35. Nf5 $11)) 33. Nxe5 $2 (33. h4 $17) 33... Qa1+ $19 34. Rd1 Qxe5 35. Qa6 Nf4 36. Qa7 Bb3 37. Rd7 a4 38. Re7 Ne6 39. Rb7 Qc5 40. Qa6 Nd4 41. Rd7 h5 42. Rb7 h4 43. Rd7 a3 44. Rb7 a2 45. Kh2 Qc3 (45... Qe5+ $142 46. Kh1 Rc8 (46... Nf3 $2 47. gxf3 a1=Q+ 48. Qxa1 $19) 47. Qa3 Nb5 48. Rxb5 a1=Q+ (48... a1=R+ 49. Qxa1 Qxa1+ 50. Kh2 Rc1 51. g3 Rh1+ 52. Kg2 Rg1+ 53. Kf3 Bd1+ 54. Ke4 Qa4+ 55. Ke5 f6+ 56. Kd6 Qxb5 57. Nd5 Ba4 58. Nxf6+ gxf6 59. f4 Qc6+ 60. Ke7 Re1+ 61. Kd8 Re8#) 49. Qxa1 Qxa1+ 50. Kh2 Rc1 51. g3 Rh1+ 52. Kg2 Qa8+ 53. f3 Qa1 54. f4 Qa8+ (54... Qg1+ $2 55. Kf3 $19) 55. Rd5 Bxd5+ 56. Nxd5 Qxd5+ 57. Kf2 Qd2+ (57... Rxh3 58. f5 hxg3+ 59. Ke2 g2 60. Ke1 g1=Q+ 61. Ke2 Rh2#) 58. Kf3 f5 59. gxh4 Rxh3#) 46. Ra7 $19 Nc2 47. Nxc2 Qxc2 48. Qa3 Qb1 49. f4 {[%emt 0:00:03] [#]} a1=B (49... Qd3 $142 $1 50. Ra5 (50. Qa5 Qg3+) 50... Qg3+ 51. Kg1 Bd5 (51... Qxf4 {gets mated.} 52. Qxb3 Qc1+ 53. Kh2 Qc7+ 54. Kg1 Qxa5 55. Qd1 a1=Q 56. Qxa1 Qxa1+ 57. Kf2 Re8 58. Kf3 Qf1+ 59. Kg4 Re4+ 60. Kh5 Qf5#) 52. Rxd5 Qxa3 53. Rd1 Qe3+ (53... a1=B {leads to mate.} 54. Kh2 Qg3+ 55. Kh1 Re8 56. Rxa1 Re2 57. Ra8+ Kh7 58. Rh8+ Kxh8 59. Kg1 Qxg2#) (53... a1=Q {is a self mate.} 54. Rxa1 Qxa1+ 55. Kf2 Re8 56. Kf3 Qd1+ 57. Kf2 Qe1+ 58. Kf3 Qg3#) 54. Kh1 Rb8 (54... Qxf4 55. Kg1 Ra8 56. Ra1 Rb8 57. Re1 Rb1 58. g4 Rxe1+ 59. Kg2 Qg3#) 55. Kh2 Qxf4+ 56. Kg1 Rb1 (56... Qe3+ 57. Kh2 Qf4+ 58. Kg1 Rb1 59. g4 Rxd1+ 60. Kg2 Qg3#) 57. g4 Rxd1+ 58. Kg2 Qg3#) 50. Qxa1 $19 Qxa1 51. Rxa1 Be6 52. Ra5 g6 53. Ra4 Bf5 54. Rb4 Re8 55. g4 hxg3+ 56. Kxg3 Re3+ 0-1

[Event "Indian Blitz Championship 2023"]
[Site "Nashik"]
[Date "2024.03.07"]
[Round "9.10"]
[White "Ratnakaran, K.."]
[Black "Sidhant, Mohapatra"]
[Result "1-0"]
[ECO "A01"]
[WhiteElo "2258"]
[BlackElo "2379"]
[Annotator "RC"]
[PlyCount "75"]
[EventDate "2024.03.07"]
[EventType "blitz"]
[EventCountry "IND"]
[SourceTitle "playchess.com"]
[Source "ChessBase"]
[SourceQuality "1"]
[TimeControl "180+2"]

1. b3 d5 2. Bb2 Bf5 3. d3 e6 4. Nd2 Nf6 5. g3 h6 6. Bg2 c6 7. e4 Bh7 8. Ne2 Nbd7 9. O-O a5 10. a3 Bd6 11. c4 O-O 12. h3 Re8 13. f4 dxe4 14. dxe4 e5 15. f5 Nc5 16. Kh2 Nd3 17. Bc3 b5 18. Qc2 Bc5 19. Rf3 Nf2 20. Rf1 b4 21. axb4 axb4 22. Bb2 Qb6 23. g4 Rad8 24. Ng3 N2xg4+ 25. hxg4 Nxg4+ 26. Kh1 Ne3 27. Rxe3 Bxe3 28. Nf3 f6 29. Nh5 Kh8 30. Bh3 Rd7 31. Rd1 Qd8 32. Rf1 Qb6 33. Qg2 Rg8 34. Bxe5 fxe5 35. Nxe5 Qc7 36. Nxd7 Qxd7 37. f6 g6 38. Bxd7 1-0

[Event "Indian Blitz Championship 2023"]
[Site "Nashik"]
[Date "2024.03.07"]
[Round "10.2"]
[White "Laxman, R.R."]
[Black "Raja Rithvik R"]
[Result "0-1"]
[ECO "E04"]
[WhiteElo "2331"]
[BlackElo "2532"]
[Annotator "TA"]
[PlyCount "56"]
[EventDate "2024.03.07"]
[EventType "blitz"]
[EventCountry "IND"]
[SourceTitle "playchess.com"]
[Source "ChessBase"]
[SourceQuality "1"]
[TimeControl "180+2"]

1. d4 d5 2. Nf3 Nf6 3. c4 e6 4. g3 dxc4 5. Bg2 a6 6. O-O Nc6 7. Qd2 (7. Bg5 $14) 7... Bd7 (7... Rb8 $11) 8. Rd1 b5 9. Ne5 {[%emt 0:00:04] The position is equal.} Nxe5 10. dxe5 (10. Bxa8 $5 Nc6 11. Bb7 $14) 10... Nd5 $1 11. Bxd5 exd5 12. Qxd5 c6 13. Qe4 Qc8 14. Nc3 (14. Bg5 $1 $11) 14... Be7 $15 15. Bf4 O-O 16. Qd4 Be6 ({Better is} 16... Bf5 $15) 17. Ne4 $11 c5 18. Qe3 Qc6 19. Nd6 Rad8 20. h4 Rd7 21. Qf3 (21. Rd2 $11 {keeps the balance.}) 21... Qxf3 $17 22. exf3 Rfd8 {[%emt 0:00:16] [#] White must now prevent ...f6.} 23. h5 $2 {[%emt 0:00:05][%mdl 8192] White does not recover from this.} (23. Re1 $15) 23... f6 $19 24. Re1 fxe5 25. Rxe5 Rxd6 26. Rae1 Kf7 27. Rxc5 Rd1 28. Bc1 R1d2 {Weighted Error Value: White=0.87/Black=0.15 (very precise) .  Loses game:     	White=1     	---        Mistake:       	White=2     	Black=3      Inaccurate:     	White=3     	Black=2      OK:         	White=3     	Black=6      Best:        	White=1     	Black=2      Strong:       	---       	Black=1} (28... Rxe1+ $142 29. Kg2 Bxc5 30. g4 Rxc1 31. h6 Rdd1 (31... gxh6 {is a self mate.} 32. b4 cxb3 33. axb3 Rdd1 34. Kg3 Rg1+ 35. Kh3 Bd6 36. b4 Rh1+ 37. Kg2 Rh2#) 32. hxg7 Kxg7 (32... Rg1+ {gets mated.} 33. Kh3 Kxg7 34. Kh4 Bd6 35. Kh5 Rh1+ 36. Kg5 h6#) 33. Kh3 Bxf2 (33... Rh1+ {leads to mate.} 34. Kg3 Bd6+ 35. f4 Rhg1+ 36. Kh2 Bxg4 37. b3 Bxf4#) 34. f4 Bd5 35. g5 Bf3 36. Kh2 Rh1#) 0-1

[Event "Indian Blitz Championship 2023"]
[Site "Nashik"]
[Date "2024.03.07"]
[Round "10.3"]
[White "Ghosh, Diptayan"]
[Black "Ratnakaran, K.."]
[Result "1-0"]
[ECO "A04"]
[WhiteElo "2559"]
[BlackElo "2258"]
[Annotator "TA"]
[PlyCount "95"]
[EventDate "2024.03.07"]
[EventType "blitz"]
[EventCountry "IND"]
[SourceTitle "playchess.com"]
[Source "ChessBase"]
[SourceQuality "1"]
[TimeControl "180+2"]

1. Nf3 e6 2. g3 b6 3. Bg2 Bb7 4. O-O d6 5. d4 Nd7 6. c4 Be7 7. Nc3 Ngf6 8. d5 {[%emt 0:00:02] White is better.} e5 9. e4 a5 10. Rb1 Nc5 11. Qc2 Bc8 12. b3 Bg4 13. Ne1 Qd7 14. a3 h5 15. b4 Nb7 16. f3 {[%emt 0:00:09] aiming for Nb5.} Bh3 17. Nd3 Bxg2 18. Qxg2 h4 19. g4 h3 20. Qe2 axb4 21. axb4 Nh7 22. Be3 Bg5 23. Bf2 (23. Ra1 $142 O-O 24. Bxg5 Nxg5 25. b5) 23... Nf8 $2 (23... O-O $16) 24. Ra1 $18 Rb8 25. Qa2 (25. c5 $18 bxc5 26. bxc5) 25... Ng6 $16 26. Qa4 Bd2 27. Ne2 Nh4 28. Bxh4 Rxh4 29. Kf2 g5 (29... f6 $16 30. Qxd7+ Kxd7) 30. Rfd1 Bf4 (30... Qxa4 $16 {was necessary.} 31. Rxa4 Bf4) 31. Nexf4 (31. Qa7 $1 $18 Qc8 32. Nexf4 gxf4 33. Rdc1) 31... gxf4 {[%emt 0:00:00] Black is weak on the light squares} (31... Qxa4 $16 32. Rxa4 gxf4) 32. Qxd7+ (32. Qa7 $18 Qc8 33. Rdb1) 32... Kxd7 33. Ra7 Rhh8 34. Rc1 Rhc8 35. Ke2 Ke8 36. Kd2 f6 37. Rca1 Kd7 38. Kc3 Nd8 39. c5 {[%emt 0:00:04] White is much more active. The black rooks are passive.} (39. b5 $16) 39... bxc5 $1 $11 40. bxc5 Nf7 $1 41. R1a6 (41. Nb2 $16) 41... Kd8 42. Nb4 $36 {[%emt 0:00:02][%mdl 2048] Threatens to win with Nc6+. Black is under pressure.} Ke8 {[%emt 0:00:00] [#]} (42... Rb5 $14) 43. Nc6 $2 ({White must play} 43. Rc6 $1 $18 {Strongly threatening Na6.} Nd8 44. Rcxc7 dxc5 45. Nd3 (45. Re7+ Kf8 $11) 45... Rxc7 46. Rxc7) 43... Rb1 $2 {[%emt 0:00:00][%mdl 8192] [#]} (43... Rb5 $11) 44. Ra8 $1 $18 Rxa8 45. Rxa8+ Kd7 46. Rf8 dxc5 47. Rxf7+ Kc8 48. Rf8+ {[%emt 0:00:02] Weighted Error Value: White=0.32/Black=0.41.  Loses game:     	---       	Black=2      Missed win:     	White=1     	---        Mistake:       	White=6     	Black=4      Inaccurate:     	White=1     	Black=5      OK:         	White=16    	Black=13     Best:        	---       	Black=2      Strong:       	White=1     	Black=2} 1-0

[Event "Indian Blitz Championship 2023"]
[Site "Nashik"]
[Date "2024.03.07"]
[Round "10.4"]
[White "Ravi, Teja S."]
[Black "Dixit, Nikhil"]
[Result "1-0"]
[ECO "D03"]
[WhiteElo "2437"]
[BlackElo "2334"]
[Annotator "TA"]
[PlyCount "63"]
[EventDate "2024.03.07"]
[EventType "blitz"]
[EventCountry "IND"]
[SourceTitle "playchess.com"]
[Source "ChessBase"]
[SourceQuality "1"]
[TimeControl "180+2"]

1. d4 Nf6 2. Nf3 g6 3. Bg5 Bg7 4. Nbd2 d5 5. c3 O-O 6. e3 a5 7. a4 c6 8. Be2 h6 {[%emt 0:00:11] The position is equal.} 9. Bh4 c5 10. O-O Nc6 11. dxc5 Qc7 ({Black should try} 11... e5 $14) 12. Bg3 (12. Nd4 $16) 12... e5 $14 13. Bb5 Ne4 14. Nxe4 dxe4 15. Nd2 f5 16. f4 exf3 17. Nxf3 f4 (17... Be6 $142) 18. exf4 exf4 19. Bf2 Bg4 20. Qd6 Qxd6 (20... Qf7 $16) 21. cxd6 $18 Rad8 22. Rad1 (22. Bb6 $18 Rxd6 23. Bc5) 22... Ne5 $2 {[%emt 0:00:01][%mdl 8192] [#] This move loses the game for Black.} (22... Rf6 $16 23. Bc5 (23. Bb6 Rdxd6 24. Rxd6 Rxd6 $16) 23... Bf8) 23. Bb6 Nxf3+ 24. gxf3 Bh3 25. Bxd8 Rxd8 26. Rfe1 Bf8 27. Re8 Rxe8 28. Bxe8 g5 29. d7 Bc5+ 30. Kh1 g4 31. d8=Q gxf3 32. Bd7+ {[%emt 0:00:01] Weighted Error Value: White=0.18 (very precise) /Black=0.83.  Loses game:     	---       	Black=1      Mistake:       	White=2     	Black=3      Inaccurate:     	White=2     	Black=7      OK:         	White=4     	Black=3      Best:        	White=2     	Black=1} (32. Qxa5 $2 Bg2#) 1-0

[Event "Indian Blitz Championship 2023"]
[Site "Nashik"]
[Date "2024.03.07"]
[Round "10.5"]
[White "Aradhya, Garg"]
[Black "Arhan Chethan Anand"]
[Result "1-0"]
[ECO "D38"]
[WhiteElo "2385"]
[BlackElo "2366"]
[Annotator "TA"]
[PlyCount "83"]
[EventDate "2024.03.07"]
[EventType "blitz"]
[EventCountry "IND"]
[SourceTitle "playchess.com"]
[Source "ChessBase"]
[SourceQuality "1"]
[TimeControl "180+2"]

1. d4 Nf6 2. Nf3 d5 3. c4 e6 4. Nc3 Bb4 5. Bg5 h6 6. Bxf6 Qxf6 7. Qa4+ Nc6 8. e3 O-O 9. Rc1 Rd8 10. Be2 dxc4 {[%emt 0:00:24] The position is equal.} 11. Bxc4 Bd7 12. Qc2 e5 {[%emt 0:00:12] [#]} (12... Na5 $11 13. Be2 c5) 13. dxe5 $1 $16 Nxe5 14. Nxe5 Qxe5 {[%emt 0:00:01] [#]} 15. Bxf7+ $1 Kxf7 (15... Kh8 16. O-O) 16. Qb3+ Be6 17. Qxb4 c5 (17... b6 $16) 18. Qxb7+ $18 Kg8 19. Qe4 (19. O-O $18) 19... Qf6 (19... Qxe4 $16 20. Nxe4 Bxa2) 20. O-O Rab8 21. b3 Rb4 22. Qf3 ({White should play} 22. Qc6 $18) 22... Qg6 $2 {[%emt 0:00:02] Loses the game.} (22... Qxf3 $16 23. gxf3 c4) 23. Rfd1 Rf8 24. Qc6 {[%emt 0:00:05][%cal Oc3d5] Threatens to win with Nd5!} Rg4 (24... Qf7 $142 25. f3 (25. Qxc5 Qxf2+ 26. Kh1 Rbf4 $14) 25... c4) 25. g3 (25. Qxc5 {is a self mate.} Rxg2+ 26. Kh1 Rxh2+ (26... Rfxf2 {leads to mate.} 27. Qd6 Qg4 28. Qf4 Rxf4 29. Rd8+ Kh7 30. Ne4 Re2 31. Nf6+ Rxf6 32. Rh8+ Kxh8 33. Rc8+ Bxc8 34. a4 Qg2#) 27. Kxh2 Rxf2+ 28. Kh1 Qg2#) 25... Rf6 $2 (25... Qf5 26. f4 Kh7) 26. Nd5 Bxd5 27. Qxd5+ Kh7 28. Rxc5 {[%emt 0:00:09] Black must now prevent Rc8.} Rg5 29. Qd4 Rxc5 30. Qxc5 {[%emt 0:00:01][%mdl 4096] Endgame. KQR-KQR} Qg4 31. Qd4 Qe2 (31... Qg6 $142 32. Qd3 (32. Qxa7 Qc2 $18) 32... Ra6) 32. Qd3+ (32. Qe4+ $142 Rg6 33. Rd6) 32... Qxd3 33. Rxd3 {[%emt 0:00:01] KR-KR} Rc6 34. Rd7 a6 35. Ra7 Kg6 36. Kg2 Kf6 37. h4 g5 38. hxg5+ hxg5 39. Kf3 Kf5 40. g4+ Kf6 41. a4 Rb6 42. a5 {[%emt 0:00:02] Weighted Error Value: White=0.48/Black=0.49.  Mistake:       	White=3     	Black=7      Inaccurate:     	White=2     	---        OK:         	White=9     	Black=8      Best:        	White=2     	Black=1      Strong:       	White=1     	---        Brilliant:      	White=1     	---} 1-0

[Event "Indian Blitz Championship 2023"]
[Site "Nashik"]
[Date "2024.03.07"]
[Round "10.6"]
[White "Ayush Sharma"]
[Black "Vaz, Ethan"]
[Result "0-1"]
[ECO "E65"]
[WhiteElo "2311"]
[BlackElo "2409"]
[Annotator "TA"]
[PlyCount "104"]
[EventDate "2024.03.07"]
[EventType "blitz"]
[EventCountry "IND"]
[SourceTitle "playchess.com"]
[Source "ChessBase"]
[SourceQuality "1"]
[TimeControl "180+2"]

1. Nf3 Nf6 2. c4 g6 3. g3 Bg7 4. d4 O-O 5. Bg2 d6 6. O-O c5 7. Nc3 Nc6 8. dxc5 dxc5 9. Bf4 Be6 10. Ne5 Na5 11. Qa4 Qb6 {[%emt 0:00:40] [#]} (11... Nh5 $11 {keeps the balance.}) 12. Rab1 (12. Nd5 $1 $16 Nxd5 13. cxd5) 12... Rad8 13. Rfc1 {[%emt 0:00:16] Threatening b4.} Qb4 $1 {[%emt 0:00:17] The position is equal.} 14. Nd3 Qxa4 15. Nxa4 b6 16. b3 Bd7 17. Nc3 Nc6 18. Rd1 Nh5 19. Bd2 Ne5 20. Nd5 e6 (20... Nxd3 $14 21. Nxe7+ (21. exd3 e6 $11) 21... Kh8 22. exd3 Bg4) 21. Nxe5 (21. Ne7+ $18 Kh8 22. Bg5 Nxd3 23. Rxd3) 21... Bxe5 $14 22. Bc3 ({White should play} 22. Ne7+ $14 Kg7 23. Bc6) 22... Bg7 (22... exd5 $11 23. Bxe5 d4) 23. Ne7+ Kh8 24. Bxg7+ (24. Be1 $14) 24... Kxg7 $11 25. Nc6 Bxc6 26. Bxc6 Kf6 27. e3 Ng7 28. Kf1 Nf5 29. Ke2 h5 30. h4 Ke7 31. Be4 Nd6 32. Bf3 Nf5 33. a3 Rxd1 34. Rxd1 {[%emt 0:00:01][%mdl 4096] Endgame. KRB-KRN} Rd8 35. Rb1 Nd6 36. Rc1 a5 37. Bc6 Rc8 38. Ba4 Rd8 39. Bc6 Rc8 40. Ba4 Ne4 41. Bb5 Rd8 42. Rc2 {[%emt 0:00:01] Prevents Rd2+} Rd6 43. Ba6 Rd7 44. Bc8 $2 (44. Bb5 $11 Rc7 45. Kf3) 44... Ra7 $19 {[%emt 0:00:03] Black is clearly winning.} 45. b4 axb4 46. axb4 cxb4 {[%emt 0:00:00] [#] ...b3 would now be deadly.} 47. Rb2 Nd6 48. Rxb4 Nxc8 49. f4 Rc7 50. Kf3 Rc6 51. Ke4 Nd6+ 52. Kd4 Nf5+ {[%emt 0:00:02] Weighted Error Value: White=0.47/Black=0.22 (precise) .  Loses game:     	White=1     	---        Mistake:       	White=4     	Black=2      Inaccurate:     	White=2     	Black=3      OK:         	White=9     	Black=11     Best:        	---       	Black=1      Strong:       	---       	Black=1} 0-1

[Event "Indian Blitz Championship 2023"]
[Site "Nashik"]
[Date "2024.03.07"]
[Round "10.7"]
[White "Jinan Jomon"]
[Black "Wagh Suyog"]
[Result "0-1"]
[ECO "A17"]
[WhiteElo "2380"]
[BlackElo "2250"]
[Annotator "TA"]
[PlyCount "65"]
[EventDate "2024.03.07"]
[EventType "blitz"]
[EventCountry "IND"]
[SourceTitle "playchess.com"]
[Source "ChessBase"]
[SourceQuality "1"]
[TimeControl "180+2"]

1. Nf3 Nf6 2. c4 e6 3. Nc3 d5 4. e3 b6 5. b3 Bb7 6. Bb2 a6 7. cxd5 exd5 8. Ne2 Bc5 9. Ned4 O-O 10. g3 Re8 11. Bg2 Bf8 12. Ne2 Nbd7 13. O-O Rc8 14. Rc1 Bd6 15. Nh4 c5 16. d4 Ne4 17. dxc5 Ndxc5 {[%emt 0:00:17] [#]} ({Black should try} 17... Bxc5 $14 18. Nf4 Ndf6) 18. Nf5 ({White should play} 18. b4 $1 $16 ) 18... Bf8 $14 19. Nf4 {[%emt 0:00:07] Nh5 would now be deadly.} a5 $2 {[%emt 0:00:57] [#]} (19... g6 $14) 20. h4 $2 (20. Nh5 $1 $18 d4 21. exd4 (21. Qxd4 f6 $18) (21. Bxd4 g6 $18)) 20... g6 21. Nd4 Ba6 {[%emt 0:00:03] Prevents Nb5.} 22. Re1 Bg7 23. Bf1 Bxf1 24. Rxf1 Qd7 25. Qe2 Rcd8 (25... Be5 $11) 26. Rfd1 h5 (26... Be5 $11) 27. Kg2 Qb7 28. Nf3 Qa8 (28... Bh6 $14) 29. Bxg7 $16 Kxg7 30. Qb2+ Kg8 31. Qd4 (31. Nd4 $16) 31... Qb7 32. Nxd5 (32. Ne1 $14) 32... Rd6 $11 33. Ng5 $2 {[%emt 0:00:09][%mdl 8192] Weighted Error Value: White=0.29 (precise) /Black=0.27 (precise) .  Loses game:     	White=1     	Black=1      Missed win:     	White=1     	---        Mistake:       	White=3     	Black=4      Inaccurate:     	White=4     	Black=3      OK:         	White=9     	Black=8      Best:        	White=1     	Black=2} (33. Qc4 $1 $11 {and White stays safe.}) 0-1

[Event "Indian Blitz Championship 2023"]
[Site "Nashik"]
[Date "2024.03.07"]
[Round "10.8"]
[White "Srihari L R"]
[Black "Manish Anto Cristiano F"]
[Result "1-0"]
[ECO "C54"]
[WhiteElo "2490"]
[BlackElo "2286"]
[Annotator "TA"]
[PlyCount "94"]
[EventDate "2024.03.07"]
[EventType "blitz"]
[EventCountry "IND"]
[SourceTitle "playchess.com"]
[Source "ChessBase"]
[SourceQuality "1"]
[TimeControl "180+2"]

1. e4 e5 2. Nf3 Nc6 3. Bc4 Bc5 4. c3 Nf6 5. d3 O-O 6. O-O d5 7. exd5 Nxd5 8. a4 Bg4 9. Nbd2 Nb6 10. Bb5 {[%emt 0:00:05] Weiß steht etwas besser.} f6 ({Vorzuziehen ist} 10... a5 $14) 11. a5 $16 Nd5 12. a6 Nce7 13. axb7 Rb8 14. Ne4 c6 (14... Bb6 $16) 15. Nxc5 $18 cxb5 16. h3 (16. Rxa7 $2 Qb6 17. Ra6 Qxc5 $19) 16... Qb6 {[%emt 0:00:08] [#] ...Bxf3 ist eine echte Drohung.} 17. b4 Bxf3 (17... Bh5 {ist wohl besser.} 18. Bd2 Nc6) 18. Qxf3 Nxc3 19. Ra6 Qc7 20. Ne6 (20. Rxa7 Nc6 $18) (20. Be3 $142) 20... Qxb7 21. Qxb7 Rxb7 22. Nxf8 Kxf8 23. Be3 Ned5 24. Rxa7 Nxe3 ({Jedoch nicht} 24... Ne2+ $2 25. Kh2 Rxa7 26. Bxa7) 25. Rxb7 (25. Ra8+ Ke7 26. fxe3 Nd5) 25... Ne2+ 26. Kh1 Nxf1 27. Rxb5 {[%emt 0:00:05] [#] Schwarz muss nun Rc5 beachten.} Nd2 28. Rc5 (28. Rb8+ $18 Ke7 29. Rb7+ Kd6 30. Rxg7) 28... Nb3 $16 29. Rc8+ {[%emt 0:00:04][%mdl 1024] Weiss hat starke Kompensation.} Ke7 30. b5 {[%emt 0:00:01][%cal Bb4b5,Bb5b6][%mdl 32] Und b6 würde nun gewinnen.} Kd6 (30... Kd7 $16 {ist eine bessere Verteidigung.} 31. Rg8 g6) 31. b6 $18 {[%emt 0:00:10] Weiss will mit b7 Matt setzen.} Na5 32. Rc7 g5 (32... h5 {kämpft weiter.} 33. Ra7 (33. Rxg7 Kc6 $16) 33... Nc6 34. Rxg7 Nf4) 33. Rxh7 Kc6 34. Rf7 Kxb6 35. Rxf6+ Kc5 36. Rf5 Kd4 (36... Kd6 37. Rxg5 Nc1) 37. Rxg5 Nf4 38. h4 Nc6 39. h5 {[%emt 0:00:02] h6 wäre nun fies.} Ne7 40. h6 Nfg6 41. h7 Nh8 42. Kh2 Neg6 43. Kg3 {[%emt 0:00:03] Droht stark Kg4.} Kxd3 44. Kg4 {[%emt 0:00:02] Weiss droht Kf5 und Matt.} e4 45. Kf5 {[%emt 0:00:02] Weiß setzt Matt.} Nh4+ 46. Kf6 Ke2 47. Rg4 Kxf2 {[%emt 0:00:05] Gewichteter Fehlerwert: Weiß=0.19 (sehr präzise) /Schwarz=0.50.  Fehler:       	Weiß=2     	Schwarz=6     Ungenau:       	---       	Schwarz=1     OK:         	Weiß=16    	Schwarz=9     Bester:       	Weiß=4     	Schwarz=5} 1-0

[Event "Indian Blitz Championship 2023"]
[Site "Nashik"]
[Date "2024.03.07"]
[Round "10.9"]
[White "Sharma, Dinesh K."]
[Black "Aakash Sharadchandra, Dalvi"]
[Result "1-0"]
[ECO "D37"]
[WhiteElo "2209"]
[BlackElo "2291"]
[Annotator "RC"]
[PlyCount "103"]
[EventDate "2024.03.07"]
[EventType "blitz"]
[EventCountry "IND"]
[SourceTitle "playchess.com"]
[Source "ChessBase"]
[SourceQuality "1"]
[TimeControl "180+2"]

1. Nf3 d5 2. d4 e6 3. c4 a6 4. cxd5 exd5 5. Nc3 Nf6 6. Bg5 c6 7. e3 Be6 8. Bd3 Be7 9. Qc2 Nbd7 10. h3 h6 11. Bf4 O-O 12. g4 c5 13. g5 hxg5 14. Nxg5 cxd4 15. exd4 Qb6 16. O-O-O Rfe8 17. Kb1 Nf8 18. Rhg1 Rac8 19. Be5 Qd8 20. f4 Bb4 21. f5 Bd7 22. Qg2 Nh5 23. Bxg7 Nxg7 24. Nf3 Ng6 25. fxg6 f6 26. Nxd5 Bd6 27. Qf2 Be6 28. Nc3 Rxc3 29. bxc3 Qa5 30. Qc2 Rc8 31. c4 b6 32. Rge1 Qh5 33. Qe2 b5 34. d5 Bd7 35. Nd4 bxc4 36. Qxh5 Nxh5 37. Bf5 Bxf5+ 38. Nxf5 Rb8+ 39. Kc2 Be5 40. Rb1 Rd8 41. Red1 Nf4 42. d6 Nxg6 43. d7 Kf7 44. Rb6 Nf4 45. Rxa6 Ng2 46. Rg1 Nf4 47. Rg7+ Kf8 48. Rh7 Kg8 49. Re7 Kf8 50. h4 Ng6 51. Rh7 Nf4 52. Rh8+ 1-0